 Dungeon Crawl Stone Soup version 0.29-a0-911-g88e6f02907 (webtiles) character file.

Game seed: 217496951559946342

4683 quixfox the Geomancer (level 10, -1/59 HPs)
             Began as a Gargoyle Earth Elementalist on July 26, 2022.
             Was an Elder of Vehumet.
             Slain by an orc warrior
             ... wielding a +0 glaive
              (4 damage)
             ... on level 7 of the Dungeon.
             The game lasted 00:20:35 (9948 turns).

quixfox the Geomancer (Gargoyle Earth Elementalist) Turns: 9948, Time: 00:20:36

Health: -1/59      AC: 17    Str: 12    XL:     10   Next: 44%
Magic:  9/20       EV: 11    Int: 26    God:    Vehumet [****..]
Gold:   695        SH:  0    Dex: 10    Spells: 7/22 levels left

rFire   . . .      SeeInvis .   v - +3 flail (flame)
rCold   . . .      Faith    .   (no shield)
rNeg    + . .      Spirit   .   a - +0 robe
rPois   ∞          Reflect  .   q - +2 helmet
rElec   +          Harm     .   (no cloak)
rCorr   .          Rampage  .   o - +1 pair of gloves
Will    .....                   p - +1 pair of boots
Stlth   ++........              (no amulet)
HPRegen 0.19/turn               n - ring of wizardry
MPRegen 0.17/turn               y - +6 ring of intelligence

@: no status effects
A: sickness immunity, AC +7, negative energy resistance 1, electricity
resistance, torment resistance 1, petrification resistance
a: Renounce Religion


You were on level 7 of the Dungeon.
You worshipped Vehumet.
Vehumet was greatly pleased with you.
You visited 2 branches of the dungeon, and saw 8 of its levels.

You collected 695 gold pieces.

Inventory:

Hand Weapons
 v - a +3 flail of flaming (weapon)
Armour
 a - a +0 robe (worn)
 o - a +1 pair of gloves (worn)
 p - a +1 pair of boots (worn)
 q - a +2 helmet (worn)
Jewellery
 h - a ring of ice
 l - a ring of protection from cold
 n - a ring of wizardry (left hand)
 y - a +6 ring of intelligence (right hand)
Wands
 i - a wand of digging (3)
 t - a wand of flame (4)
 A - a wand of iceblast (8)
Scrolls
 d - 3 scrolls of vulnerability
 e - 5 scrolls of identify
 f - a scroll of enchant weapon
 j - 4 scrolls of teleportation
 u - a scroll of poison
 w - a scroll of amnesia
 z - a scroll of brand weapon
Potions
 b - a potion of magic
 c - 4 potions of curing
 g - 4 potions of flight
 k - 6 potions of heal wounds
 m - 2 potions of attraction
 r - a potion of haste
 s - 2 potions of cancellation
 x - a potion of mutation


   Skills:
 + Level 5.1 Fighting
 + Level 5.3 Armour
 - Level 1.5 Dodging
 - Level 2.1 Stealth
 + Level 6.7 Spellcasting
 + Level 6.9 Conjurations
 - Level 0.7 Transmutations
 - Level 5.0 Fire Magic
 + Level 9.2 Earth Magic
 + Level 2.4 Evocations


You had 7 spell levels left.
You knew the following spells:

 Your Spells              Type           Power      Damage    Failure   Level
a - Sandblast             Erth           100%       2d20      1%          1
b - Passwall              Tmut/Erth      28%        N/A       1%          2
c - Stone Arrow           Conj/Erth      100%       3d13      1%          3
d - Sticky Flame          Conj/Fire      39%        2d6       1%          4
e - Lee's Rapid Deconstr  Erth           27%        3d15*     1%          5

Your spell library contained the following spells:

 Spells                   Type           Power      Damage    Failure   Level
 Airstrike                Air            4%         0-3+      8%          4
 Poisonous Vapours        Pois/Air       16%        N/A       1%          2
 Conjure Flame            Conj/Fire      39%        6-21      1%          3
 Ignite Poison            Fire/Tmut/Pois 18%        N/A       1%          3
 Apportation              Tloc           16%        N/A       2%          1
 Petrify                  Tmut/Erth      34%        N/A       3%          4
 Iron Shot                Conj/Erth      25%        9d5       4%          6
 Gell's Gravitas          Tloc           8%         N/A       8%          3
 Lesser Beckoning         Tloc           8%         N/A       8%          3
 Teleport Other           Tloc           8%         N/A       8%          3
 Alistair's Intoxication  Tmut/Pois      6%         N/A       50%         5
 Lehudib's Crystal Spear  Conj/Erth      25%        10d7      75%         8


Dungeon Overview and Level Annotations

Branches:
Dungeon (7/15)             Temple (1/1) D:4

Altars:
Ashenzari
Cheibriados
Dithmenos
Elyvilon
Fedhas
Gozag
Kikubaaqudgha
Makhleb
Nemelex Xobeh
Okawaru
Ru
Sif Muna
Trog
Uskayaw
Vehumet
Wu Jian
Xom
Yredelemnul
Zin
The Shining One

Shops:
D:2 *


Innate Abilities, Weirdness & Mutations

You are immune to sickness and miasma.
Your stone body is resilient. (AC +7)
You are immune to poison.
You resist negative energy. (rN+)
You are resistant to electric shocks. (rElec)
You are resistant to unholy torment.
You are immune to petrification.


Message History

Pikel hits you with a +1 whip of freezing.
Pikel freezes you.
Aiming: Sandblast (safe; 1% risk of failure)
Press: ? - help, Q - select action, (/) - cycle Shift-Dir - straight line, f/p - Pikel
Aim: Pikel, wielding a +1 whip of freezing and wearing a +0 robe (heavily wounded, 80% to hit)
The blast of sand hits Pikel!
Pikel is almost dead.
The orc warrior barely misses you. Pikel misses you.
The orc warrior completely misses you.
Pikel hits you with a +1 whip of freezing.
Pikel freezes you.
Aiming: Sandblast (safe; 1% risk of failure)
Press: ? - help, Q - select action, (/) - cycle Shift-Dir - straight line, f/p - Pikel
Aim: Pikel, wielding a +1 whip of freezing and wearing a +0 robe (almost dead, 80% to hit)
The blast of sand hits Pikel!
You kill Pikel!
Vehumet accepts your kill.
With Pikel's spell broken, his former minions thank you for their freedom.
The lemure departs this earthly plane. x2; The orc warrior closely misses you.
The orc warrior hits you from afar with a +0 glaive.
Your Fighting skill increases to level 5!
Unknown command.
Aiming: Sandblast (safe; 1% risk of failure)
Press: ? - help, Q - select action, (/) - cycle Shift-Dir - straight line, f - orc warrior
Aim: an orc warrior, wielding a +0 glaive, wearing a +0 chain mail, quivering boomerangs and carrying a wand of mindburst (13) (82% to hit)
The blast of sand hits the orc warrior!
The orc warrior is moderately wounded.
The orc warrior throws a boomerang.
The boomerang hits you!
* * * LOW HITPOINT WARNING * * *
The orc warrior hits you from afar with a +0 glaive.
* * * LOW HITPOINT WARNING * * *
Aiming: Sandblast (safe; 1% risk of failure)
Press: ? - help, Q - select action, (/) - cycle Shift-Dir - straight line, f/p - orc warrior
Aim: an orc warrior, wielding a +0 glaive, wearing a +0 chain mail, quivering boomerangs and carrying a wand of mindburst (13) (moderately wounded, 82% to hit)
The blast of sand hits the orc warrior.
The orc warrior is heavily wounded.
The orc warrior hits you from afar with a +0 glaive.
* * * LOW HITPOINT WARNING * * *
The orc warrior hits you from afar with a +0 glaive.
You die...

..........................####...
.##.................##.#..###....
.#########...#####.###.#.#.#.....
.# #...# #.......##.##### ##
#...# #####.###### # #...#
#.########## # #...# #...........
# #...###############..### #
#..ooo)@......# #..... #
#.#.#####.###.# #..### # o....# #
#..... # .5o#.#.# ######
.5K.#.#.# ..o #.#.# ..5 #.#.. ###


You could see an orc warrior and 2 orcs.

Vanquished Creatures
  Pikel (D:7)
  An unseen horror zombie (D:7)
  Eustachio (D:4)
  Menkaure (D:7)
  3 water moccasins
  An ice beast (D:6)
  A hornet zombie (D:7)
  2 sky beasts
  2 black bears
  A centaur (D:5)
  3 ogres
  2 lemures (D:7)
  3 kobold brigands
  A bullfrog (D:7)
  2 wyvern zombies (D:7)
  A necrophage (D:5)
  4 scorpions
  14 wights (D:7)
  A vampire bat (D:3)
  3 centaur zombies (D:7)
  3 bullfrog zombies (D:7)
  4 hounds
  An orc priest (D:7)
  5 iguanas
  Ijyb (D:4)
  An orc wizard (D:7)
  3 killer bee zombies (D:7)
  2 howler monkey zombies (D:7)
  14 gnolls
  8 adders
  3 shadow imps
  2 white imps
  3 ufetubi
  A worm (D:4)
  4 dart slugs
  3 fire bats (D:3)
  9 orcs
  2 spectral bats (D:3)
  A bat simulacrum (D:3)
  3 bat skeletons (D:3)
  A bat zombie (D:3)
  An endoplasm (D:2)
  2 giant cockroaches (D:1)
  10 goblins
  11 hobgoblins
  6 jackals
  5 quokkas
  7 ball pythons
  16 bats
  2 frilled lizards
  55 kobolds
  5 rats
242 creatures vanquished.

Vanquished Creatures (others)
  A plant (D:5)
1 creature vanquished.

Grand Total: 243 creatures vanquished

Notes
Turn   | Place    | Note
-------+----------+-------------------------------------------
     0 | D:1      | quixfox the Gargoyle Earth Elementalist began the quest for
                  | the Orb.
     0 | D:1      | Reached XP level 1. HP: 10/10 MP: 3/3
   217 | D:1      | Reached skill level 4 in Earth Magic
   217 | D:1      | Reached XP level 2. HP: 15/15 MP: 1/5
  1177 | D:2      | Reached XP level 3. HP: 19/19 MP: 4/6
  1180 | D:2      | Learned a level 2 spell: Passwall
  1184 | D:2      | Learned a level 3 spell: Stone Arrow
  1351 | D:2      | Found Xeexirchi's General Store.
  1568 | D:2      | Found a faded altar of an unknown god.
  2475 | D:3      | Found a shimmering blue altar of Sif Muna.
  2488 | D:3      | Reached XP level 4. HP: 24/24 MP: 5/8
  2774 | D:3      | Reached skill level 5 in Earth Magic
  2884 | D:3      | Found a snail-covered altar of Cheibriados.
  3136 | D:3      | Found a burning altar of Makhleb.
  3296 | D:3      | Reached skill level 1 in Conjurations
  3296 | D:3      | Reached XP level 5. HP: 28/28 MP: 3/10
  3693 | D:3      | Learned a level 4 spell: Sticky Flame
  3712 | D:3      | Found a sacrificial altar of Ru.
  3712 | D:3      | Found a basalt altar of Yredelemnul.
  3763 | D:4      | Reached XP level 6. HP: 32/32 MP: 9/11
  3844 | D:4      | Reached skill level 1 in Fire Magic
  4087 | D:4      | Identified the +3 long sword "Efaeravi" {protect, *Rage
                  | rElec Will+ rCorr}
  4088 | D:4      | Reached skill level 6 in Earth Magic
  4137 | D:4      | Found a sparkling altar of Nemelex Xobeh.
  4147 | D:4      | Noticed Eustachio
  4156 | D:4      | Killed Eustachio
  4157 | D:4      | Reached XP level 7. HP: 29/36 MP: 6/13
  4291 | D:4      | Found a staircase to the Ecumenical Temple.
  4299 | Temple   | Entered the Ecumenical Temple
  4346 | Temple   | Became a worshipper of Vehumet
  4430 | D:4      | Noticed Ijyb
  4440 | D:4      | Killed Ijyb
  5242 | D:4      | Reached * piety under Vehumet
  5242 | D:4      | Offered knowledge of Freeze by Vehumet.
  5960 | D:4      | Offered knowledge of Searing Ray by Vehumet.
  6004 | D:4      | Reached ** piety under Vehumet
  6262 | D:5      | Entered Level 5 of the Dungeon
  6317 | D:4      | Reached skill level 7 in Earth Magic
  6317 | D:4      | Reached XP level 8. HP: 27/41 MP: 8/15
  6584 | D:5      | Identified a scroll of acquirement
  6584 | D:5      | Acquired Dylidd's Almanac of Lithic Conduction
  6592 | D:5      | Learned a level 5 spell: Lee's Rapid Deconstruction
  6728 | D:5      | Reached skill level 1 in Fighting
  6728 | D:5      | Reached skill level 1 in Armour
  6728 | D:5      | Reached skill level 5 in Spellcasting
  6946 | D:5      | Offered knowledge of Frozen Ramparts by Vehumet.
  6968 | D:5      | Found a broken altar of Ashenzari.
  7367 | D:5      | Found a glowing silver altar of Zin.
  7902 | D:6      | Reached skill level 5 in Conjurations
  7903 | D:6      | Reached XP level 9. HP: 49/49 MP: 14/17
  7922 | D:6      | Found an iron altar of Okawaru.
  7923 | D:6      | Found an ornate altar of the Wu Jian Council.
  7923 | D:6      | Found a hide-covered altar of Uskayaw.
  7991 | D:6      | Reached *** piety under Vehumet
  8165 | D:6      | Reached skill level 8 in Earth Magic
  8259 | D:6      | Identified the +2 helmet of Miuthr Tono {Rampage *Slow
                  | rPois Regen+}
  9051 | D:7      | Offered knowledge of Olgreb's Toxic Radiance by Vehumet.
  9064 | D:7      | Reached skill level 5 in Fire Magic
  9342 | D:7      | Reached skill level 1 in Evocations
  9378 | D:7      | Reached XP level 10. HP: 58/58 MP: 17/19
  9772 | D:7      | Reached skill level 9 in Earth Magic
  9800 | D:7      | Reached **** piety under Vehumet
  9829 | D:7      | Reached skill level 5 in Armour
  9839 | D:7      | Noticed Menkaure
  9841 | D:7      | Killed Menkaure
  9873 | D:7      | Offered knowledge of Airstrike by Vehumet.
  9927 | D:7      | Noticed Pikel
  9946 | D:7      | Killed Pikel
  9947 | D:7      | Reached skill level 5 in Fighting
  9948 | D:7      | Slain by an orc warrior

Illustrated notes

Levels and vault maps discovered:
D:1:      lightli_arrival_maybe_door_vault, layout_basic, st_stairs_4
D:2:      minmay_chambers_of_twos, layout_loops_corners,
          chequers_ecumenical_altar_simple, serial_shops,
          nicolae_shop_behind_doors
D:3:      layout_basic, nicolae_overflow_hidden_temple,
          lemuel_coloured_pillars_altar, amcnicky_altar_gilded,
          gammafunk_temple_overflow_elements, goddamned_bats
D:4:      minmay_goblin_kobold_castle, layout_loops_cross,
          mainiacjoe_overflow_alcove_4, minmay_temple_entry_fiery,
          uniq_eustachio, uniq_ijyb
D:5:      layout_layer_cave, lemuel_round_altar,
          mainiacjoe_overflow_six_doors_small, serial_bayou_pond_d
D:6:      layout_basic, chequers_temple_overflow_statue_of_worship
D:7:      layout_loops_cross, serial_undead, serial_undead_d, serial_undead_d,
          serial_undead_a, serial_undead_c, serial_undead_f, serial_undead_d,
          serial_undead_f, uniq_pikel, uniq_menkaure
Temple:   jpeg_temple_island

Skill      XL: |  1  2  3  4  5  6  7  8  9 10 |
---------------+-------------------------------+-----
Earth Magic    | 4 5 6 7 8 9 |  9.2
Spellcasting   | 3 4 5 6 |  6.7
Conjurations   | 1 2 3 4 5 6 |  6.9
Fire Magic     | 1 2 4 5 |  5.0
Fighting       | 2 4 5 |  5.1
Armour         | 2 4 5 |  5.3
Evocations     | 1 2 |  2.4
Dodging        | |  1.5
Stealth        | |  2.1
Transmutations | |  0.7

Action                   |  1- 3 |  4- 6 |  7- 9 | 10-12 || total
-------------------------+-------+-------+-------+-------++-------
 Cast: Sandblast         |    62 |    69 |   247 |    64 ||   442
  Use: Scroll            |       |     4 |    16 |     1 ||    21
Armor: Robe              |    19 |    44 |    93 |    30 ||   186
Dodge: Dodged            |    23 |    53 |   113 |    34 ||   223

Table legend: (Time is in decaauts)
 A = Elapsed time spent in this place.
 B = Non-inter-level travel time spent in this place.
 C = Inter-level travel time spent in this place.
 D = Time resting spent in this place.
 E = Time spent auto-exploring this place.
 F = Levels seen in this place.
 G = Mean time per level.
                   A        B        C        D        E       F      G
               +--------+--------+--------+--------+--------+-----+--------+
         Total |  10406 |  10189 |    217 |    861 |   7718 |   8 | 1300.8 |
       Dungeon |  10320 |  10141 |    179 |    861 |   7687 |   7 | 1474.3 |
        Temple |     85 |     47 |     38 |      0 |     31 |   1 |   85.0 |
               +--------+--------+--------+--------+--------+-----+--------+

Top non-repeatable levels by time:
     D:4: 2811 daAuts
     D:3: 1372 daAuts
     D:6: 1304 daAuts
     D:7: 1295 daAuts
     D:2: 1289 daAuts
     D:1: 1200 daAuts
     D:5: 1046 daAuts
  Temple: 85 daAuts
